 Dungeon Crawl Stone Soup version 0.29.0-4-gdea44cf6ec (webtiles) character file.

Game seed: 18173264525312925999

4719 qw the Grappler (level 10, -3/96 HPs)
             Began as a Troll Cinder Acolyte on Aug 30, 2022.
             Was a Priest of Ignis.
             Slain by a death yak (16 damage)
             ... on level 9 of the Dungeon.
             The game lasted 00:03:57 (6560 turns).

qw the Grappler (Troll Cinder Acolyte)              Turns: 6560, Time: 00:03:58

Health: -3/96      AC: 14    Str: 28    XL:     10   Next: 22%
Magic:  10/10      EV: 13    Int: 10    God:    Ignis [***...]
Gold:   105        SH:  0    Dex:  5    Spells: 11/11 levels left

rFire   + . .      SeeInvis .     - Unarmed
rCold   . . .      Faith    .   (no shield)
rNeg    . . .      Spirit   .   e - +2 robe {Archmagi}
rPois   .          Reflect  .   (helmet restricted)
rElec   .          Harm     .   f - +0 cloak
rCorr   .          Rampage  .   (gloves unavailable)
Will    .....      Archmagi +   (boots unavailable)
Stlth   +.........              (no amulet)
HPRegen 1.06/turn               l - +4 ring of evasion
MPRegen 0.12/turn               (no ring)

@: fiery-armoured
A: large, unfitting armour, claws 3, regeneration 1, shaggy fur 1, tough skin 1
a: Renounce Religion, Fiery Armour, Foxfire Swarm, Rising Flame


You were on level 9 of the Dungeon.
You worshipped Ignis.
Ignis was most pleased with you.
You visited 1 branch of the dungeon, and saw 9 of its levels.

You collected 365 gold pieces.
You spent 260 gold pieces at shops.


Innate Abilities, Weirdness & Mutations

You are too large for most types of armour.
You have claws for hands.
Your natural rate of healing is unusually fast.
You are covered in fur. (AC +1)
You have tough skin. (AC +1)


   Skills:
 - Level 5.0 Fighting
 - Level 1.2 Throwing
 - Level 1.0 Armour
 - Level 1.5 Dodging
 + Level 13.8 Unarmed Combat
 - Level 1.0 Spellcasting
 - Level 2.1 Fire Magic


You had 11 spell levels left.
You didn't know any spells.
Your spell library contained the following spells:

 Spells                   Type           Power      Damage    Failure   Level
 Scorch                   Fire           14%        2d6       22%         2

Inventory:

Missiles
 n - 6 boomerangs (quivered)
Armour
 e - a +2 robe of the Archmagi (worn)
 f - a +0 cloak (worn)
Jewellery
 l - a +4 ring of evasion (left claw)
Scrolls
 b - a scroll of blinking {unknown}
 c - 2 scrolls of enchant weapon
 d - 3 scrolls of identify
 k - a scroll of brand weapon
Potions
 a - 10 potions of curing
 g - 2 potions of haste
 i - a potion of cancellation
 m - a potion of resistance
 o - a potion of mutation

Dungeon Overview and Level Annotations

Branches:
Dungeon (9/15)             Temple (0/1) D:7            Lair (0/5) D:9
    Orc (0/2) D:9

Altars:
Ashenzari
Fedhas
Gozag
Hepliaklqana
Makhleb
Nemelex Xobeh
Qazlal
Trog
Uskayaw
Vehumet
Wu Jian
Xom
The Shining One

Shops:
D:3 !   D:6 *   D:8 ?

Annotations:
D:3 2 transporters, qw's ghost, amateur TeWr


Message History

The orc warrior closely misses you. The orc priest barely misses you.
6551 ||| Stepping ~*~*~tactically~*~*~ (outnumbered).
The death yak attacks as you move away! The death yak gores you!!
The death yak is burned by your cloak of flames.
The death yak is severely wounded.
The orc warrior hits you from afar with a +0 halberd!
The orc priest barely misses you.
You barely miss the death yak. You claw the death yak.
The death yak is severely wounded.
The death yak gores you!!
The death yak is burned by your cloak of flames.
The death yak is almost dead.
The orc warrior hits you from afar with a +0 halberd!
The orc priest closely misses you.
6553 ||| Stepping ~*~*~tactically~*~*~ (outnumbered).
The orc priest attacks as you move away!
The orc priest barely misses you.
Found a staircase to the Lair.
6554 ||| Stepping ~*~*~tactically~*~*~ (outnumbered).
The death yak attacks as you move away!
The death yak gores you but does no damage.
6555 ||| Stepping ~*~*~tactically~*~*~ (outnumbered).
The orc priest calls down the wrath of Beogh upon you.
Pain shoots through your body!
6556 ||| Stepping ~*~*~tactically~*~*~ (outnumbered).
The orc attacks as you move away! The orc completely misses you.
6557 ||| Stepping ~*~*~tactically~*~*~ (outnumbered).
You claw the death yak!
The death yak is almost dead.
The death yak gores you!!
The death yak is burned by your cloak of flames.
You kill the death yak!
The orc warrior hits you from afar with a +0 halberd.
The orc closely misses you.
You mangle the death yak!!
The death yak is moderately wounded.
You scratch the death yak but do no damage.
You claw the death yak!
The death yak is heavily wounded.
The death yak gores you!
You die...

... ... ... #.# #.# #. #.#
.. .. ##'## >#..# ##.@o##
#.#..## ##..Yoo###.).....
##.......#........
#......o..........
+.................
#.............#.>
##.......#....#$..#...
##.....##.......)....
#########...###............


You could see a death yak, an orc warrior, an orc priest and 2 orcs.

Vanquished Creatures
  A death yak (D:9)
  An orc sorcerer (D:7)
  A troll (D:8)
  A shadow (D:6)
  A wyvern (D:8)
  A steam dragon (D:6)
  4 water moccasins
  3 orc warriors
  3 black bears
  A sky beast (D:7)
  4 ice beasts
  An ogre (D:4)
  3 centaurs
  A kobold brigand (D:8)
  A bullfrog (D:7)
  3 scorpions
  5 wights (D:8)
  A jelly (D:5)
  A gnoll bouda (D:6)
  7 orc priests
  A hound (D:6)
  Jessica (D:2)
  3 iguanas
  Ijyb (D:4)
  4 orc wizards
  A hell rat (D:8)
  4 gnolls (D:6)
  6 adders
  A river rat (D:8)
  A shadow imp (D:7)
  An ufetubus (D:2)
  3 worms (D:2)
  2 dart slugs
  27 orcs
  6 ball pythons
  9 bats
  8 endoplasms
  7 giant cockroaches
  4 goblins
  2 hobgoblins
  3 jackals (D:3)
  7 quokkas
  6 frilled lizards
  12 kobolds
  9 rats
  2 rat zombies (D:8)
175 creatures vanquished.

Vanquished Creatures (others)
  2 orcs (D:6)
2 creatures vanquished.

Grand Total: 177 creatures vanquished

Notes
Turn   | Place    | Note
-------+----------+-------------------------------------------
     0 | D:1      | qw the Troll Cinder Acolyte began the quest for the Orb.
     0 | D:1      | Reached XP level 1. HP: 22/22 MP: 1/1
     0 | D:1      | 0 ||| qw: Version: 0.1-a-95-gae9e614
     0 | D:1      | 0 ||| qw: Game counter: 4461
     0 | D:1      | 0 ||| qw: Always use a shield: true
     0 | D:1      | 0 ||| qw: God list: Okawaru
     0 | D:1      | 0 ||| qw: Allow faded altars: false
     0 | D:1      | 0 ||| qw: Do Orc after D:15 true
     0 | D:1      | 0 ||| qw: Do second Lair branch before Depths: true
     0 | D:1      | 0 ||| qw: Lair rune preference: random
     0 | D:1      | 0 ||| qw: Plans: Normal
     0 | D:1      | 0 ||| PLANNING D:1-11
   125 | D:1      | 125 ||| Stepping ~*~*~tactically~*~*~ (stealth).
   158 | D:1      | Reached XP level 2. HP: 29/29 MP: 2/2
   466 | D:1      | Reached skill level 4 in Unarmed Combat
   566 | D:1      | Found a faded altar of an unknown god.
   663 | D:1      | 663 ||| UPGRADING to +0 cloak.
   668 | D:1      | 668 ||| READING 4 scrolls labelled TASHI WUET.
   669 | D:1      | 669 ||| READING scroll labelled BEACIC UCZEUGISCH.
   670 | D:1      | 670 ||| READING 3 scrolls of identify.
   670 | D:1      | 670 ||| IDENTIFYING red potion
   671 | D:1      | 671 ||| READING 2 scrolls of identify.
   671 | D:1      | 671 ||| IDENTIFYING puce potion
   672 | D:1      | 672 ||| DROPPING potion of attraction.
   673 | D:1      | 673 ||| DROPPING potion of ambrosia.
   789 | D:2      | Reached XP level 3. HP: 36/36 MP: 3/3
   929 | D:2      | 929 ||| FLEEEEING.
   930 | D:2      | 930 ||| FLEEEEING.
  1108 | D:2      | Noticed Jessica
  1109 | D:2      | 1109 ||| Stepping ~*~*~tactically~*~*~ (hiding).
  1113 | D:2      | Killed Jessica
  1114 | D:2      | Reached skill level 5 in Unarmed Combat
  1114 | D:2      | Reached XP level 4. HP: 44/44 MP: 4/4
  1281 | D:2      | 1281 ||| UPGRADING to +2 robe of the Archmagi.
  1291 | D:2      | 1291 ||| DROPPING +0 robe.
  1292 | D:2      | 1292 ||| READING 2 scrolls labelled DATOATA NILO.
  1293 | D:2      | 1293 ||| READING scroll labelled BELAED POUXOXT.
  1309 | D:3      | 1309 ||| STAIRDANCE
  1318 | D:3      | 1318 ||| STAIRDANCE
  1332 | D:3      | 1332 ||| STAIRDANCE
  1346 | D:3      | 1346 ||| FLEEEEING.
  1347 | D:3      | 1347 ||| STAIRDANCE
  1398 | D:3      | Found a transporter.
  1399 | D:3      | Identified the +2 giant club "Dusuplom" {vorpal, rElec
                  | rN+++ Will+++ Str-2}
  1399 | D:3      | Noticed an ogre
  1460 | D:3      | Reached XP level 5. HP: 50/50 MP: 5/5
  1592 | D:3      | 1592 ||| Stepping ~*~*~tactically~*~*~ (outnumbered).
  1600 | D:3      | Reached skill level 6 in Unarmed Combat
  1607 | D:3      | Found a glowing golden altar of the Shining One.
  1732 | D:3      | Noticed qw's ghost (amateur TeWr)
  1733 | D:3      | Found a transporter.
  1967 | D:3      | Found Zanor's Distillery.
  1973 | D:3      | 1973 ||| BUYING potion of curing (36 gold).
  1973 | D:3      | Bought a potion of curing for 36 gold pieces
  1973 | D:3      | 1973 ||| SHOPLISTING potion of haste (120 gold, have 35).
  1973 | D:3      | 1973 ||| SHOPLISTING potion of heal wounds (60 gold, have
                  | 35).
  1973 | D:3      | 1973 ||| SHOPLISTING potion of resistance (120 gold, have
                  | 35).
  1979 | D:3      | 1979 ||| READING scroll labelled XETEKHLICOM.
  1980 | D:3      | 1980 ||| READING scroll labelled FAH HAMAWIUX.
  1981 | D:3      | 1981 ||| READING scroll labelled SUAWNO TEUPT.
  1984 | D:3      | 1984 ||| READING scroll labelled HAIPAGEBYI.
  1985 | D:3      | 1985 ||| READING 2 scrolls of identify.
  1985 | D:3      | 1985 ||| IDENTIFYING amethyst potion
  2032 | D:4      | Noticed Ijyb
  2033 | D:4      | 2033 ||| Stepping ~*~*~tactically~*~*~ (stealth).
  2044 | D:4      | Killed Ijyb
  2077 | D:4      | Found a radiant altar of Vehumet.
  2091 | D:4      | Found a sparkling altar of Nemelex Xobeh.
  2094 | D:4      | Found a shimmering altar of Xom.
  2095 | D:4      | Found a hazy altar of Hepliaklqana.
  2105 | D:4      | Found a hide-covered altar of Uskayaw.
  2106 | D:4      | Found an opulent altar of Gozag.
  2139 | D:4      | Identified the +8 mace "Pupet" {antimagic, rN+ Int+2 SInv}
  2190 | D:4      | 2190 ||| FLEEEEING.
  2291 | D:4      | Noticed an ogre
  2292 | D:4      | 2292 ||| Stepping ~*~*~tactically~*~*~ (stealth).
  2302 | D:4      | Killed an ogre
  2303 | D:4      | Reached skill level 7 in Unarmed Combat
  2303 | D:4      | Reached XP level 6. HP: 59/59 MP: 6/6
  2313 | D:4      | 2313 ||| Stepping ~*~*~tactically~*~*~ (stealth).
  2558 | D:4      | 2558 ||| READING scroll labelled MIKYER XIPHAE.
  2659 | D:4      | 2659 ||| READING scroll labelled RALIAZ NAOZXUN.
  2660 | D:4      | 2660 ||| READING 2 scrolls of identify.
  2660 | D:4      | 2660 ||| IDENTIFYING sedimented green potion
  2679 | D:5      | Entered Level 5 of the Dungeon
  2688 | D:5      | 2688 ||| STAIRDANCE
  2712 | D:5      | Noticed an ice beast
  2719 | D:5      | Killed an ice beast
  2752 | D:5      | Found a broken altar of Ashenzari.
  2759 | D:5      | 2759 ||| Stepping randomly (stuck).
  2760 | D:5      | 2760 ||| Stepping randomly (stuck).
  2761 | D:5      | 2761 ||| Stepping randomly (stuck).
  2762 | D:5      | 2762 ||| Stepping randomly (stuck).
  2763 | D:5      | 2763 ||| Stepping randomly (stuck).
  2785 | D:5      | 2785 ||| Stepping ~*~*~tactically~*~*~ (hiding).
  2787 | D:5      | 2787 ||| FLEEEEING.
  2791 | D:5      | Reached skill level 8 in Unarmed Combat
  2791 | D:5      | 2791 ||| Stepping ~*~*~tactically~*~*~ (outnumbered).
  2801 | D:5      | 2801 ||| INVOKING Fiery Armour.
  2803 | D:5      | Reached XP level 7. HP: 28/66 MP: 7/7
  2808 | D:5      | Reached skill level 3 in Fighting
  2929 | D:5      | Found a stormy altar of Qazlal.
  3159 | D:5      | 3159 ||| READING scroll labelled MEATHR JUSA.
  3160 | D:5      | 3160 ||| READING 2 scrolls of identify.
  3160 | D:5      | 3160 ||| IDENTIFYING green potion
  3161 | D:5      | 3161 ||| DROPPING potion of invisibility.
  3208 | D:6      | 3208 ||| Stepping ~*~*~tactically~*~*~ (stealth).
  3210 | D:6      | 3210 ||| Stepping ~*~*~tactically~*~*~ (hiding).
  3322 | D:6      | Reached skill level 9 in Unarmed Combat
  3323 | D:6      | 3323 ||| Stepping ~*~*~tactically~*~*~ (outnumbered).
  3324 | D:6      | 3324 ||| INVOKING Fiery Armour.
  3327 | D:6      | 3327 ||| DRINKING 7 potions of curing.
  3327 | D:6      | 3327 ||| (to cure confusion)
  3329 | D:6      | HP: 15/67 [orc/+0 whip of venom (4)]
  3330 | D:6      | 3330 ||| READING scroll of teleportation.
  3331 | D:6      | 3331 ||| DRINKING potion of heal wounds.
  3398 | D:6      | Found an ornate altar of the Wu Jian Council.
  3427 | D:6      | Reached skill level 1 in Throwing
  3472 | D:6      | Reached skill level 1 in Dodging
  3472 | D:6      | Reached XP level 8. HP: 58/75 MP: 8/8
  3621 | D:6      | 3621 ||| FLEEEEING.
  3622 | D:6      | 3622 ||| FLEEEEING.
  3623 | D:6      | 3623 ||| FLEEEEING.
  3624 | D:6      | 3624 ||| FLEEEEING.
  3625 | D:6      | 3625 ||| FLEEEEING.
  3626 | D:6      | 3626 ||| FLEEEEING.
  3627 | D:6      | 3627 ||| FLEEEEING.
  3628 | D:6      | 3628 ||| Stepping ~*~*~tactically~*~*~ (hiding).
  3793 | D:6      | 3793 ||| Stepping ~*~*~tactically~*~*~ (stealth).
  3797 | D:6      | Found a burning altar of Makhleb.
  3807 | D:6      | 3807 ||| Stepping ~*~*~tactically~*~*~ (stealth).
  3829 | D:6      | Found Loimu Wui's Assorted Antiques.
  3838 | D:6      | 3838 ||| BUYING potion of heal wounds (120 gold).
  3838 | D:6      | Bought a potion of heal wounds for 120 gold pieces
  3838 | D:6      | 3838 ||| SHOPLISTING scroll of teleportation (72 gold, have
                  | 66).
  3861 | D:6      | Reached skill level 10 in Unarmed Combat
  3865 | D:6      | Found a bloodstained altar of Trog.
  4123 | D:6      | 4123 ||| Stepping ~*~*~tactically~*~*~ (stealth).
  4167 | D:6      | 4167 ||| Stepping ~*~*~tactically~*~*~ (stealth).
  4189 | D:6      | 4189 ||| FLEEEEING.
  4295 | D:6      | 4295 ||| DRINKING 2 coppery potions.
  4296 | D:6      | 4296 ||| READING 4 scrolls of identify.
  4296 | D:6      | 4296 ||| IDENTIFYING fuming brown potion
  4297 | D:6      | 4297 ||| READING 3 scrolls of identify.
  4297 | D:6      | 4297 ||| IDENTIFYING viscous dark potion
  4298 | D:6      | 4298 ||| READING 2 scrolls of identify.
  4298 | D:6      | 4298 ||| IDENTIFYING fuming cyan potion
  4299 | D:6      | 4299 ||| DROPPING potion of flight.
  4300 | D:6      | 4300 ||| DROPPING potion of degeneration.
  4391 | D:7      | 4391 ||| Stepping ~*~*~tactically~*~*~ (hiding).
  4514 | D:7      | Noticed an orc sorcerer
  4517 | D:7      | 4517 ||| Stepping ~*~*~tactically~*~*~ (hiding).
  4524 | D:7      | Killed an orc sorcerer
  4525 | D:7      | Reached skill level 11 in Unarmed Combat
  4525 | D:7      | Reached XP level 9. HP: 77/85 MP: 9/9
  4773 | D:7      | Found a staircase to the Ecumenical Temple.
  4795 | D:7      | Reached skill level 12 in Unarmed Combat
  4927 | D:7      | 4927 ||| INVOKING Fiery Armour.
  4946 | D:7      | 4946 ||| Stepping ~*~*~tactically~*~*~ (stealth).
  4953 | D:7      | 4953 ||| Stepping ~*~*~tactically~*~*~ (stealth).
  4962 | D:7      | 4962 ||| Stepping ~*~*~tactically~*~*~ (stealth).
  4963 | D:7      | 4963 ||| Stepping ~*~*~tactically~*~*~ (stealth).
  4965 | D:7      | 4965 ||| Stepping ~*~*~tactically~*~*~ (stealth).
  4977 | D:7      | 4977 ||| Stepping ~*~*~tactically~*~*~ (outnumbered).
  5235 | D:7      | 5235 ||| READING scroll labelled SYBUK WILAYCYLLA.
  5236 | D:7      | 5236 ||| DRINKING 2 fizzy black potions.
  5237 | D:7      | 5237 ||| READING 2 scrolls of identify.
  5237 | D:7      | 5237 ||| IDENTIFYING sapphire potion
  5238 | D:7      | 5238 ||| DROPPING potion of magic.
  5277 | D:8      | 5277 ||| PLANNING OSSUARY
  5362 | D:8      | 5362 ||| Stepping ~*~*~tactically~*~*~ (hiding).
  5364 | D:8      | 5364 ||| INVOKING Fiery Armour.
  5366 | D:8      | 5366 ||| Stepping ~*~*~tactically~*~*~ (outnumbered).
  5368 | D:8      | 5368 ||| Stepping ~*~*~tactically~*~*~ (hiding).
  5370 | D:8      | 5370 ||| Stepping ~*~*~tactically~*~*~ (outnumbered).
  5428 | D:8      | 5428 ||| Stepping ~*~*~tactically~*~*~ (hiding).
  5429 | D:8      | 5429 ||| Stepping ~*~*~tactically~*~*~ (outnumbered).
  5430 | D:8      | 5430 ||| Stepping ~*~*~tactically~*~*~ (hiding).
  5437 | D:8      | Found Netem's Magic Scroll Shop.
  5442 | D:8      | 5442 ||| FLEEEEING.
  5443 | D:8      | 5443 ||| FLEEEEING.
  5444 | D:8      | 5444 ||| FLEEEEING.
  5445 | D:8      | 5445 ||| FLEEEEING.
  5446 | D:8      | 5446 ||| FLEEEEING.
  5447 | D:8      | 5447 ||| FLEEEEING.
  5448 | D:8      | 5448 ||| FLEEEEING.
  5449 | D:8      | 5449 ||| FLEEEEING.
  5450 | D:8      | 5450 ||| FLEEEEING.
  5451 | D:8      | 5451 ||| FLEEEEING.
  5452 | D:8      | 5452 ||| FLEEEEING.
  5453 | D:8      | 5453 ||| FLEEEEING.
  5454 | D:8      | 5454 ||| FLEEEEING.
  5455 | D:8      | 5455 ||| FLEEEEING.
  5456 | D:8      | 5456 ||| FLEEEEING.
  5457 | D:8      | 5457 ||| FLEEEEING.
  5458 | D:8      | 5458 ||| FLEEEEING.
  5459 | D:8      | 5459 ||| FLEEEEING.
  5460 | D:8      | 5460 ||| FLEEEEING.
  5461 | D:8      | 5461 ||| FLEEEEING.
  5462 | D:8      | 5462 ||| FLEEEEING.
  5468 | D:8      | Reached skill level 13 in Unarmed Combat
  5501 | D:8      | 5501 ||| BUYING scroll of brand weapon (104 gold).
  5501 | D:8      | Bought a scroll of brand weapon for 104 gold pieces
  5547 | D:8      | 5547 ||| INVOKING Fiery Armour.
  5555 | D:8      | Reached skill level 1 in Armour
  5631 | D:8      | Found a blossoming altar of Fedhas.
  5962 | D:8      | Found a sand-covered staircase.
  5963 | D:8      | 5963 ||| UPGRADING to +4 ring of evasion.
  5964 | D:8      | 5964 ||| READING scroll labelled ZODOIRCHEVVE.
  6195 | D:8      | 6195 ||| RIP OSSUARY
  6195 | D:8      | 6195 ||| PLANNING D:1-11
  6250 | D:9      | Noticed a death yak
  6251 | D:9      | 6251 ||| INVOKING Fiery Armour.
  6253 | D:9      | Noticed a death yak
  6254 | D:9      | Noticed a troll
  6254 | D:9      | 6254 ||| STAIRDANCE
  6256 | D:8      | 6256 ||| Stepping ~*~*~tactically~*~*~ (outnumbered).
  6257 | D:8      | 6257 ||| Stepping ~*~*~tactically~*~*~ (outnumbered).
  6258 | D:8      | 6258 ||| Stepping ~*~*~tactically~*~*~ (outnumbered).
  6272 | D:9      | 6272 ||| STAIRDANCE
  6276 | D:8      | Killed a troll
  6277 | D:8      | Reached XP level 10. HP: 66/96 MP: 10/10
  6278 | D:8      | HP: 24/96 [death yak (22)]
  6279 | D:8      | 6279 ||| READING scroll of teleportation.
  6279 | D:8      | HP: 6/96 [death yak (17)]
  6280 | D:8      | 6280 ||| DRINKING potion of heal wounds.
  6309 | D:8      | 6309 ||| FLEEEEING.
  6310 | D:8      | 6310 ||| FLEEEEING.
  6311 | D:8      | 6311 ||| FLEEEEING.
  6312 | D:8      | 6312 ||| FLEEEEING.
  6494 | D:9      | 6494 ||| FLEEEEING.
  6495 | D:9      | 6495 ||| FLEEEEING.
  6496 | D:9      | 6496 ||| FLEEEEING.
  6497 | D:9      | 6497 ||| FLEEEEING.
  6498 | D:9      | 6498 ||| FLEEEEING.
  6499 | D:9      | 6499 ||| FLEEEEING.
  6500 | D:9      | 6500 ||| FLEEEEING.
  6501 | D:9      | 6501 ||| FLEEEEING.
  6502 | D:9      | 6502 ||| FLEEEEING.
  6503 | D:9      | 6503 ||| FLEEEEING.
  6535 | D:9      | Found a staircase to the Orcish Mines.
  6543 | D:9      | Noticed a death yak
  6544 | D:9      | 6544 ||| INVOKING Fiery Armour.
  6551 | D:9      | 6551 ||| Stepping ~*~*~tactically~*~*~ (outnumbered).
  6553 | D:9      | 6553 ||| Stepping ~*~*~tactically~*~*~ (outnumbered).
  6553 | D:9      | Found a staircase to the Lair.
  6554 | D:9      | 6554 ||| Stepping ~*~*~tactically~*~*~ (outnumbered).
  6555 | D:9      | 6555 ||| Stepping ~*~*~tactically~*~*~ (outnumbered).
  6556 | D:9      | 6556 ||| Stepping ~*~*~tactically~*~*~ (outnumbered).
  6557 | D:9      | 6557 ||| Stepping ~*~*~tactically~*~*~ (outnumbered).
  6558 | D:9      | HP: 12/96 [death yak (21)]
  6558 | D:9      | Killed a death yak
  6560 | D:9      | Slain by a death yak

Levels and vault maps discovered:
D:1:      giann_horns, layout_loops_ring, chequers_ecumenical_altar_simple
D:2:      layout_rooms, uniq_jessica
D:3:      layout_loops_ring, nicolae_tso_carved_into_rock,
          gammafunk_ghost_smash, serial_shops, shop
D:4:      layout_layer_cave, grunt_temple_overflow_open, uniq_ijyb
D:5:      layout_rooms, nicolae_ashenzari_skybound,
          mainiacjoe_overflow_tiny_flanked, supply_closet_lemuel
D:6:      minmay_general_purpose_star, layout_basic, kennysheep_little_box,
          lemuel_coloured_pillars_altar, mainiacjoe_overflow_catwalk,
          serial_shops, shop, kennysheep_generic_room_16
D:7:      cheibrodos_wizards_tower, layout_loops_cross,
          minmay_temple_entry_grid, chequers_serial_rivers_room_b,
          lightli_orcish_oven
D:8:      layout_basic, mainiacjoe_overflow_24_doors, serial_shops,
          nicolae_shop_advertising_works [nicolae_subvault_shop_adworks],
          enter_ossuary_4
D:9:      layout_loops_corners, dpeg_lair_monsters, orc_0_dummy

Skill      XL: |  1  2  3  4  5  6  7  8  9 |
---------------+----------------------------+-----
Unarmed Combat | 4 5 7 8 9 11 13 | 13.8
Fighting       | 3 4 5 |  5.0
Throwing       | 1 |  1.2
Dodging        | 1 |  1.5
Armour         | 1 |  1.0
Spellcasting   | |  1.0
Fire Magic     | |  2.1

Action                   |  1- 3 |  4- 6 |  7- 9 | 10-12 || total
-------------------------+-------+-------+-------+-------++-------
Melee: Unarmed           |   101 |   133 |   245 |    18 ||   497
       Punch             |     1 |     4 |     2 |     6 ||    13
Throw: Boomerang         |       |     6 |    53 |     4 ||    63
Invok: Fiery Armour      |       |     1 |     5 |     1 ||     7
  Use: Scroll            |     4 |    10 |     9 |     1 ||    24
       Potion            |       |       |     4 |     1 ||     5
Armor: Robe              |    29 |    58 |    89 |     8 ||   184
Dodge: Dodged            |    34 |    53 |   130 |    16 ||   233

Table legend:
 A = Non-vault XP
 B = Vault XP
 C = Vault XP percentage of total XP
 D = Non-vault monster count
 E = Vault monster count
 F = Vault count percentage of total count
                 A         B        C        D         E       F
            +---------+---------+-------+---------+---------+-------
      Total |    4534 |    2208 |  32.7 |     149 |      27 |  15.3
            +---------+---------+-------+---------+---------+-------
        D:1 |      32 |       0 |   0.0 |      18 |       0 |   0.0
        D:2 |      61 |      37 |  37.8 |      26 |       1 |   3.7
        D:3 |     135 |       0 |   0.0 |      23 |       0 |   0.0
        D:4 |     149 |      36 |  19.5 |      13 |       1 |   7.1
        D:5 |     401 |       0 |   0.0 |      10 |       0 |   0.0
        D:6 |    1061 |     686 |  39.3 |      22 |       8 |  26.7
        D:7 |    1116 |     591 |  34.6 |      16 |       6 |  27.3
        D:8 |    1467 |      42 |   2.8 |      20 |       7 |  25.9
        D:9 |     112 |     816 |  87.9 |       1 |       4 |  80.0
            +---------+---------+-------+---------+---------+-------
